TOP OF THE 1ST |
Kansas City Royals batting - Pitching for Oakland Athletics : RHP Taek-gyun Kym
|
Pitching: RHP Taek-gyun Kym
|
|
Batting: RHB Mike Jaquez
|
0-0: SOLO HOME RUN (Flyball, 7LD, EV 95.0 MPH), Distance : 335 ft
|
Batting: RHB Aaron Matthews
|
0-0: Called Strike 0-1: Ball 1-1: Foul Ball, location: 2F 1-2: Ball 2-2: Foul Ball, location: 2F 2-2: SINGLE (Line Drive, 89S, EV 103.1 MPH)
|
Batting: SHB Tony Prado
|
0-0: Ball 1-0: Called Strike 1-1: Ball 2-1: Called Strike 2-2: Foul Ball, location: 2F 2-2: Foul Ball, location: 2F 2-2: Grounds into double play, 6-4-3 (Groundball, 6, EV 81.3 MPH)
|
Batting: LHB Manny Estrada
|
0-0: Foul Ball, location: 2F 0-1: SINGLE (Line Drive, 6M, EV 100.6 MPH)
|
Batting: LHB Zion Davidson
|
0-0: Fly out, F7 (Flyball, 7LM, EV 90.0 MPH)
|
Top of the 1st over - 1 run, 3 hits, 0 errors, 1 left on base; Kansas City 1 - Oakland 0 |
BOTTOM OF THE 1ST |
Oakland Athletics batting - Pitching for Kansas City Royals : RHP Jimmy Silveira IV
|
Pitching: RHP Jimmy Silveira IV
|
|
Batting: SHB Ryan Langlois
|
0-0: Ball 1-0: Called Strike 1-1: Ball 2-1: Ball 3-1: Base on Balls
|
Batting: LHB Nate Dean
|
0-0: Ball 1-0: Swinging Strike 1-1: Called Strike 1-2: Ball 2-2: SINGLE (Line Drive, 9S, EV 95.6 MPH) Ryan Langlois to second Runner from 2nd tries for 3rd, SAFE, throw by RF made to third
|
Batting: LHB Sakae Kasahara
|
0-0: Ball 1-0: Swinging Strike 1-1: Called Strike 1-2: 3-RUN HOME RUN (Flyball, 9LD, EV 95.6 MPH), Distance : 355 ft
|
Batting: SHB Mark Rennie
|
0-0: Called Strike 0-1: Foul Ball, location: 2F 0-2: Fly out, F9 (Flyball, 89M, EV 84.4 MPH)
|
Batting: LHB George Leary
|
0-0: Foul Ball, location: 2F 0-1: Foul Ball, location: 2F 0-2: Ball 1-2: Strikes out looking
|
Batting: SHB Robert Handy
|
0-0: Foul Ball, location: 2F 0-1: Ball 1-1: Called Strike 1-2: Foul Ball, location: 2F 1-2: Ground out U3 (Groundball, 3, EV 88.1 MPH)
|
Bottom of the 1st over - 3 runs, 2 hits, 0 errors, 0 left on base; Kansas City 1 - Oakland 3 |
TOP OF THE 2ND |
Kansas City Royals batting - Pitching for Oakland Athletics : RHP Taek-gyun Kym
|
Batting: RHB Jordan Diaz
|
0-0: Ball 1-0: Ball 2-0: Fly out, F9 (Flyball, 9S, EV 85.0 MPH)
|
Batting: LHB Sam Britt
|
0-0: Ball 1-0: Ball 2-0: Ball 3-0: Called Strike 3-1: SINGLE (Line Drive, 78S, EV 105.6 MPH)
|
Batting: RHB Alberto Rosales
|
0-0: Ball 1-0: Ball 2-0: Foul Ball, location: 2F 2-1: Swinging Strike 2-2: Strikes out swinging
|
Batting: RHB Mike Batko
|
0-0: Called Strike 0-1: Foul Ball, location: 2F 0-2: Strikes out swinging
|
Top of the 2nd over - 0 runs, 1 hit, 0 errors, 1 left on base; Kansas City 1 - Oakland 3 |
BOTTOM OF THE 2ND |
Oakland Athletics batting - Pitching for Kansas City Royals : RHP Jimmy Silveira IV
|
Batting: RHB Sébastien Piat
|
0-0: Foul Ball, location: 2F 0-1: Foul Ball, location: 2F 0-2: Foul Ball, location: 2F 0-2: Ball 1-2: Strikes out swinging
|
Batting: RHB Philip Jansen
|
0-0: Ball 1-0: Ball 2-0: SINGLE (Groundball, 6MD, EV 103.8 MPH)
|
Batting: RHB Danny Murillo
|
0-0: Ball Philip Jansen is caught stealing 2nd base 2-4 1-0: Ball 2-0: Foul Ball, location: 2F 2-1: Ball 3-1: Called Strike 3-2: DOUBLE (Groundball, 3L, EV 97.5 MPH)
|
Batting: SHB Ryan Langlois
|
0-0: Called Strike 0-1: Foul Ball, location: 2F 0-2: Ball 1-2: Foul Ball, location: 2F 1-2: SINGLE (Groundball, 6MD, EV 103.1 MPH) Danny Murillo to third Runner from 3rd tries for Home, SAFE, throw by CF to home
|
Batting: LHB Nate Dean
|
0-0: Called Strike 0-1: SINGLE (Line Drive, 4MD, EV 105.6 MPH) Ryan Langlois to second
|
Batting: LHB Sakae Kasahara
|
0-0: Ball 1-0: Swinging Strike 1-1: SINGLE (Line Drive, 56D, EV 95.6 MPH) Ryan Langlois to third Nate Dean to second Runner from 3rd tries for Home, SAFE, throw by LF to home
|
Pitching: LHP John Hall
|
|
Batting: SHB Mark Rennie
|
0-0: Called Strike 0-1: Fly out, F8 (Line Drive, 8RM, EV 95.0 MPH)
|
Bottom of the 2nd over - 2 runs, 5 hits, 0 errors, 2 left on base; Kansas City 1 - Oakland 5 |
TOP OF THE 3RD |
Kansas City Royals batting - Pitching for Oakland Athletics : RHP Taek-gyun Kym
|
Batting: RHB Mike Jaquez
|
0-0: Called Strike 0-1: Ball 1-1: Ball 2-1: Fly out, F9 (Flyball, 9S, EV 80.0 MPH)
|
Batting: RHB Aaron Matthews
|
0-0: Called Strike 0-1: Foul Ball, location: 2F 0-2: Strikes out swinging
|
Batting: SHB Tony Prado
|
0-0: Ball 1-0: Foul Ball, location: 2F 1-1: Ground out 4-3 (Groundball, 4, EV 87.5 MPH)
|
Top of the 3rd over - 0 runs, 0 hits, 0 errors, 0 left on base; Kansas City 1 - Oakland 5 |
BOTTOM OF THE 3RD |
Oakland Athletics batting - Pitching for Kansas City Royals : LHP John Hall
|
Batting: LHB George Leary
|
0-0: Ball 1-0: Called Strike 1-1: Called Strike 1-2: Strikes out looking
|
Batting: SHB Robert Handy
|
0-0: Ball 1-0: Called Strike 1-1: Called Strike 1-2: Ball 2-2: Foul Ball, location: 2F 2-2: Ball 3-2: Strikes out looking
|
Batting: RHB Sébastien Piat
|
0-0: Ball 1-0: Foul Ball, location: 2F 1-1: Ground out 1-3 (Groundball, 15S, EV 69.4 MPH)
|
Bottom of the 3rd over - 0 runs, 0 hits, 0 errors, 0 left on base; Kansas City 1 - Oakland 5 |
TOP OF THE 4TH |
Kansas City Royals batting - Pitching for Oakland Athletics : RHP Taek-gyun Kym
|
Batting: LHB Manny Estrada
|
0-0: Called Strike 0-1: Ball 1-1: Foul Ball, location: 2F 1-2: Strikes out looking
|
Batting: LHB Zion Davidson
|
0-0: Ball 1-0: Ball 2-0: Called Strike 2-1: Ball 3-1: Ground out 4-3 (Groundball, 4MD, EV 78.1 MPH)
|
Batting: RHB Jordan Diaz
|
0-0: Called Strike 0-1: Fly out, F7 (Line Drive, 7D, EV 98.8 MPH)
|
Top of the 4th over - 0 runs, 0 hits, 0 errors, 0 left on base; Kansas City 1 - Oakland 5 |
BOTTOM OF THE 4TH |
Oakland Athletics batting - Pitching for Kansas City Royals : LHP John Hall
|
Batting: RHB Philip Jansen
|
0-0: Foul Ball, location: 2F 0-1: Fly out, F9 (Flyball, 9S, EV 84.4 MPH)
|
Batting: RHB Danny Murillo
|
0-0: Ball 1-0: Called Strike 1-1: Ball 2-1: Called Strike 2-2: Foul Ball, location: 2F 2-2: Strikes out swinging
|
Batting: SHB Ryan Langlois
|
0-0: Swinging Strike 0-1: Foul Ball, location: 2F 0-2: Ball 1-2: Ball 2-2: Ball 3-2: SINGLE (Line Drive, 9S, EV 104.4 MPH)
|
Batting: LHB Nate Dean
|
0-0: Called Strike Ryan Langlois is caught stealing 2nd base 2-6
|
Bottom of the 4th over - 0 runs, 1 hit, 0 errors, 0 left on base; Kansas City 1 - Oakland 5 |
TOP OF THE 5TH |
Kansas City Royals batting - Pitching for Oakland Athletics : RHP Taek-gyun Kym
|
Batting: LHB Sam Britt
|
0-0: Swinging Strike 0-1: Ball 1-1: Ball 2-1: Ball 3-1: Base on Balls
|
Batting: RHB Alberto Rosales
|
0-0: Called Strike 0-1: Ball 1-1: Swinging Strike 1-2: Ball 2-2: Foul Ball, location: 2F 2-2: Ball 3-2: Base on Balls Sam Britt to second
|
Batting: RHB Mike Batko
|
0-0: Foul Ball, location: 2F 0-1: Called Strike 0-2: DOUBLE (Line Drive, 7LS, EV 97.5 MPH) Sam Britt scores Alberto Rosales to third
|
Batting: RHB Mike Jaquez
|
0-0: Ball 1-0: Ball 2-0: Called Strike 2-1: Ball 3-1: Swinging Strike 3-2: Base on Balls
|
Batting: RHB Aaron Matthews
|
0-0: Ball 1-0: Called Strike 1-1: Ball 2-1: Called Strike 2-2: Foul Ball, location: 2F 2-2: Foul Ball, location: 2F 2-2: DOUBLE (Line Drive, 9LM, EV 104.4 MPH) Alberto Rosales scores Mike Batko scores Mike Jaquez to third
|
Batting: SHB Tony Prado
|
0-0: Ball 1-0: Foul Ball, location: 2F 1-1: Ball 2-1: Ground out 5-3 (Groundball, 6S, EV 91.9 MPH)
|
Batting: LHB Manny Estrada
|
0-0: Swinging Strike 0-1: Swinging Strike 0-2: Foul Ball, location: 2F 0-2: Ball 1-2: Foul Ball, location: 2F 1-2: Ball 2-2: Strikes out swinging
|
Batting: LHB Zion Davidson
|
0-0: Swinging Strike 0-1: Ball 1-1: Ball 2-1: Swinging Strike 2-2: SINGLE (Groundball, 6MS, EV 67.5 MPH) (infield hit) Mike Jaquez scores Aaron Matthews to third
|
Pitching: RHP Joe Spampinato
|
|
Batting: RHB Jordan Diaz
|
0-0: Ball 1-0: Ball 2-0: Ball 3-0: Swinging Strike 3-1: Swinging Strike 3-2: Strikes out swinging
|
Top of the 5th over - 4 runs, 3 hits, 0 errors, 2 left on base; Kansas City 5 - Oakland 5 |
BOTTOM OF THE 5TH |
Oakland Athletics batting - Pitching for Kansas City Royals : LHP John Hall
|
Batting: LHB Nate Dean
|
0-0: Ball 1-0: Ball 2-0: SINGLE (Line Drive, 78S, EV 95.6 MPH)
|
Batting: LHB Sakae Kasahara
|
0-0: Foul Ball, location: 2F 0-1: Fly out, F2 (Popup, 5SF, EV 85.6 MPH)
|
Batting: SHB Mark Rennie
|
0-0: Ball Nate Dean steals 2nd base 1-0: Ball 2-0: Ball 3-0: Base on Balls
|
Batting: LHB George Leary
|
0-0: Called Strike 0-1: Ball 1-1: Ball 2-1: Ground out 4-3 (Groundball, 34D, EV 110.0 MPH) Nate Dean to third Mark Rennie to second
|
Batting: SHB Robert Handy
|
0-0: SINGLE (Line Drive, 7S, EV 98.8 MPH) Nate Dean scores Mark Rennie to third Runner from 3rd tries for Home, SAFE, throw by LF to home
|
Batting: RHB Sébastien Piat
|
0-0: Called Strike 0-1: Ball 1-1: Ball 2-1: SINGLE (Groundball, 56D, EV 95.0 MPH) Robert Handy to second
|
Batting: RHB Philip Jansen
|
0-0: Called Strike 0-1: Ground out 5-3 (Groundball, 56S, EV 68.8 MPH)
|
Bottom of the 5th over - 2 runs, 3 hits, 0 errors, 2 left on base; Kansas City 5 - Oakland 7 |
TOP OF THE 6TH |
Kansas City Royals batting - Pitching for Oakland Athletics : RHP Joe Spampinato
|
Batting: LHB Sam Britt
|
0-0: Ball 1-0: Ball 2-0: SOLO HOME RUN (Flyball, 9LD, EV 93.8 MPH), Distance : 344 ft
|
Batting: RHB Alberto Rosales
|
0-0: Ball 1-0: Swinging Strike 1-1: Foul Ball, location: 2F 1-2: Foul Ball, location: 2F 1-2: Ball 2-2: Ball 3-2: Foul Ball, location: 2F 3-2: Base on Balls
|
Batting: RHB Mike Batko
|
0-0: Called Strike 0-1: SINGLE (Groundball, P, EV 85.6 MPH) (infield hit) Alberto Rosales to second
|
Batting: RHB Mike Jaquez
|
0-0: Ball 1-0: Ball 2-0: Called Strike 2-1: Fielders Choice at 3rd, U5 (Groundball, 5L, EV 101.3 MPH) Mike Batko to second
|
Batting: RHB Aaron Matthews
|
0-0: Called Strike 0-1: Ball 1-1: Called Strike 1-2: Ball 2-2: Foul Ball, location: 2F 2-2: Ball 3-2: Strikes out swinging
|
Batting: SHB Tony Prado
|
0-0: Ball 1-0: Ball 2-0: Called Strike 2-1: Ball 3-1: Foul Ball, location: 2F 3-2: Base on Balls Mike Batko to third Mike Jaquez to second
|
Pitching: RHP Danny Nsoah
|
|
Batting: LHB Manny Estrada
|
0-0: Ball 1-0: Swinging Strike 1-1: Ball 2-1: Called Strike 2-2: Strikes out swinging
|
Top of the 6th over - 1 run, 2 hits, 0 errors, 3 left on base; Kansas City 6 - Oakland 7 |
BOTTOM OF THE 6TH |
Oakland Athletics batting - Pitching for Kansas City Royals : LHP John Hall
|
Batting: RHB Danny Murillo
|
0-0: Fly out, F4 (Popup, 34, EV 60.0 MPH)
|
Batting: SHB Ryan Langlois
|
0-0: Ball 1-0: Ball 2-0: Called Strike 2-1: Ball 3-1: Foul Ball, location: 2F 3-2: Fly out, F9 (Flyball, 9LD, EV 90.0 MPH)
|
Batting: LHB Nate Dean
|
0-0: Ball 1-0: Ball 2-0: DOUBLE (Line Drive, 78XD, EV 101.9 MPH)
|
Pitching: RHP Chris Irvin
|
|
Batting: LHB Sakae Kasahara
|
0-0: Foul Ball, location: 2F 0-1: Called Strike 0-2: Ball 1-2: Strikes out swinging
|
Bottom of the 6th over - 0 runs, 1 hit, 0 errors, 1 left on base; Kansas City 6 - Oakland 7 |
TOP OF THE 7TH |
Kansas City Royals batting - Pitching for Oakland Athletics : RHP Danny Nsoah
|
Now at 1B: Bernie Varela
|
|
Batting: LHB Zion Davidson
|
0-0: Ground out 5-3 (Groundball, 5, EV 85.0 MPH)
|
Batting: RHB Jordan Diaz
|
0-0: Fly out, F9 (Line Drive, 9D, EV 96.3 MPH)
|
Batting: LHB Sam Britt
|
0-0: Called Strike 0-1: Ball 1-1: Ball 2-1: Ball 3-1: Called Strike 3-2: Foul Ball, location: 2F 3-2: Strikes out swinging
|
Top of the 7th over - 0 runs, 0 hits, 0 errors, 0 left on base; Kansas City 6 - Oakland 7 |
BOTTOM OF THE 7TH |
Oakland Athletics batting - Pitching for Kansas City Royals : RHP Chris Irvin
|
Batting: SHB Mark Rennie
|
0-0: Ball 1-0: Ball 2-0: Ball 3-0: Called Strike 3-1: Foul Ball, location: 2F 3-2: Strikes out swinging
|
Batting: LHB George Leary
|
0-0: Foul Ball, location: 2F 0-1: Foul Ball, location: 2F 0-2: Strikes out swinging
|
Batting: SHB Robert Handy
|
0-0: Ball 1-0: DOUBLE (Line Drive, 9LM, EV 102.5 MPH)
|
Batting: RHB Sébastien Piat
|
0-0: Swinging Strike 0-1: Ball 1-1: SINGLE (Line Drive, 7S, EV 98.8 MPH) Robert Handy to third
|
Batting: RHB Philip Jansen
|
0-0: Ball 1-0: Ball 2-0: Called Strike 2-1: Foul Ball, location: 2F 2-2: Ball 3-2: Base on Balls Sébastien Piat to second
|
Batting: RHB Danny Murillo
|
0-0: Fly out, F3 (Line Drive, 3, EV 69.4 MPH)
|
Bottom of the 7th over - 0 runs, 2 hits, 0 errors, 3 left on base; Kansas City 6 - Oakland 7 |
TOP OF THE 8TH |
Kansas City Royals batting - Pitching for Oakland Athletics : RHP Danny Nsoah
|
Pinch Hitting: SHB Gil Switzer
|
0-0: Ball 1-0: Foul Ball, location: 2F 1-1: Ball 2-1: Ball 3-1: Base on Balls
|
Pinch Hitting: LHB Mike Meyerhoff
|
0-0: Sac Bunt to 25 - play at first, batter OUT! 5-4 Gil Switzer to second
|
Batting: RHB Mike Jaquez
|
0-0: Called Strike 0-1: Swinging Strike 0-2: Ball 1-2: Foul Ball, location: 2F 1-2: Strikes out swinging
|
Batting: RHB Aaron Matthews
|
0-0: Ball 1-0: Foul Ball, location: 2F 1-1: Ball 2-1: Ball 3-1: SINGLE (Line Drive, 7S, EV 110.6 MPH) Gil Switzer to third
|
Pitching: LHP Jamie Tanner
|
|
Batting: SHB Tony Prado
|
0-0: Called Strike 0-1: Ball 1-1: Foul Ball, location: 2F 1-2: Ball 2-2: Fly out, F8 (Flyball, 78D, EV 92.5 MPH)
|
Top of the 8th over - 0 runs, 1 hit, 0 errors, 2 left on base; Kansas City 6 - Oakland 7 |
BOTTOM OF THE 8TH |
Oakland Athletics batting - Pitching for Kansas City Royals : RHP Chris Irvin
|
Pitching: RHP Travis Lakatos
|
|
Now at 3B: Mike Meyerhoff
|
|
Now in RF: Gil Switzer
|
|
Batting: SHB Ryan Langlois
|
0-0: SINGLE (Line Drive, 9S, EV 95.6 MPH)
|
Batting: LHB Nate Dean
|
0-0: Ball 1-0: Ball 2-0: Foul Ball, location: 2F 2-1: Ground out 5-3 (Groundball, 56S, EV 83.8 MPH) Ryan Langlois to second
|
Batting: RHB Bernie Varela
|
0-0: Swinging Strike 0-1: Swinging Strike 0-2: SINGLE (Groundball, 6MD, EV 96.9 MPH) Ryan Langlois to third Runner from 3rd tries for Home, SAFE, throw by CF to home Bernie Varela to second
|
Batting: SHB Mark Rennie
|
0-0: Ball 1-0: Called Strike 1-1: Called Strike Bernie Varela steals 3rd base 1-2: Fly out, F9 (Flyball, 89S, EV 95.6 MPH)
|
Batting: LHB George Leary
|
0-0: Foul Ball, location: 2F 0-1: Swinging Strike 0-2: Foul Ball, location: 2F 0-2: Ball 1-2: Hit by Pitch
|
Batting: SHB Robert Handy
|
0-0: Ball 1-0: Ball 2-0: Ball 3-0: Base on Balls George Leary to second
|
Batting: RHB Sébastien Piat
|
0-0: Ball 1-0: Foul Ball, location: 2F 1-1: Foul Ball, location: 2F 1-2: Ball 2-2: Ball 3-2: Foul Ball, location: 2F 3-2: Fly out, F4 (Line Drive, 4, EV 68.8 MPH)
|
Bottom of the 8th over - 1 run, 2 hits, 0 errors, 3 left on base; Kansas City 6 - Oakland 8 |
TOP OF THE 9TH |
Kansas City Royals batting - Pitching for Oakland Athletics : LHP Jamie Tanner
|
Pitching: RHP Mike Chapman
|
|
Batting: LHB Manny Estrada
|
0-0: Ground out 4-3 (Groundball, 34D, EV 105.6 MPH)
|
Batting: LHB Zion Davidson
|
0-0: Ball 1-0: Foul Ball, location: 2F 1-1: Fly out, F7 (Flyball, 7S, EV 81.3 MPH)
|
Batting: RHB Jordan Diaz
|
0-0: SINGLE (Groundball, 25, EV 70.0 MPH) (infield hit)
|
Batting: LHB Sam Britt
|
0-0: Ball 1-0: Swinging Strike 1-1: SINGLE (Line Drive, 78S, EV 110.6 MPH) Jordan Diaz to second
|
Batting: SHB Gil Switzer
|
0-0: Called Strike 0-1: Ball 1-1: Foul Ball, location: 2F 1-2: Fly out, F5 (Popup, 5F, EV 81.3 MPH)
|
Top of the 9th over - 0 runs, 2 hits, 0 errors, 2 left on base; Kansas City 6 - Oakland 8 |
|